 Dungeon Crawl Stone Soup version 0.32-a0-900-g30fb1b0edc (webtiles) character file.

Game seed: 18051833917168460911

704 Kimbo the Skirmisher (level 7, -10/50 HPs)
             Began as a Coglin Hunter on Apr 5, 2024.
             Was an Initiate of Hepliaklqana.
             Mangled by an ice beast (12 damage)
             ... on level 5 of the Dungeon.
             The game lasted 00:03:08 (3274 turns).

Kimbo the Skirmisher (Coglin Hunter)                Turns: 3274, Time: 00:03:08

Health: -10/50     AC:  3    Str: 11    XL:     7   Next: 66%
Magic:  7/7        EV: 11    Int:  9    God:    Hepliaklqana [......]
Gold:   296        SH:  0    Dex: 19    Spells: 6/6 levels left

rFire   . . .        a - +2 sling {Juan}
rCold   . . .        d - +0 sling {Londisizwe}
rNeg    . . .        c - +0 leather armour
rPois   .            (no helmet)
rElec   .            (no cloak)
rCorr   .            (no gloves)
SInv    .            (no boots)
Will    .....        (amulet unavailable)
Stlth   ++           (ring unavailable)
HPRegen 0.28/turn    (ring unavailable)
MPRegen 0.10/turn    (no gizmo)

%: no passive effects
@: revved
A: off-hand wielding, slow wielding, warmup strikes, no jewellery
a: Invent Gizmo, Renounce Religion


You were on level 5 of the Dungeon.
You worshipped Hepliaklqana.
Hepliaklqana was noncommittal.
You visited 2 branches of the dungeon, and saw 6 of its levels.

You collected 296 gold pieces.

Inventory:

Hand Weapons
 a - a +2 sling (weapon) {Juan}
 d - a +0 sling (offhand) {Londisizwe}
Missiles
 v - a throwing net
Armour
 c - a +0 leather armour (worn)
 f - a +1 helmet
 m - a +0 pair of boots
 w - a +0 cloak
Scrolls
 b - a scroll of butterflies
 e - 3 scrolls of identify {unknown}
 g - a scroll of amnesia {unknown}
 i - 2 scrolls of teleportation {unknown}
 j - a scroll of enchant weapon {unknown}
 p - a scroll of immolation {unknown}
 r - a scroll of fog {unknown}
 t - a scroll of poison {unknown}
 u - a scroll of silence {unknown}
Potions
 h - a potion of resistance {unknown}
 k - 2 potions of heal wounds {unknown}
 l - 2 potions of lignification {unknown}
 n - a potion of haste {unknown}
 o - a potion of degeneration {unknown}
 q - 2 potions of curing {unknown}
 s - a potion of brilliance {unknown}


   Skills:
 - Level 2.0 Fighting
 + Level 8.4 Ranged Weapons
 - Level 1.7 Dodging
 - Level 0.7 Stealth


You had 6 spell levels left.
You didn't know any spells.
Your spell library contained the following spells:

 Spells                   Type           Power      Damage    Failure   Level
 Apportation              Tloc           0%         N/A       47%         1
 Necrotise                Necr           0%         1d4       47%         1
 Slow                     Hex            0%         N/A       47%         1
 Sting                    Conj/Alch      0%         1d3       47%         1
 Summon Small Mammal      Summ           0%         N/A       47%         1
 Confusing Touch          Hex            0%         N/A       85%         3
 Dazzling Flash           Conj/Hex       0%         N/A       85%         3
 Vampiric Draining        Necr           0%         2d6       85%         3
 Starburst                Conj/Fire      0%         6d3       100%        6
 Maxwell's Capacitive Co  Air            0%         ∞         100%        8


Dungeon Overview and Level Annotations

Branches:
Dungeon (5/15)             Temple (1/1) D:5

Altars:
Cheibriados
Dithmenos
Elyvilon
Gozag
Hepliaklqana
Kikubaaqudgha
Nemelex Xobeh
Okawaru
Qazlal
Ru
Sif Muna
Uskayaw
Vehumet
Wu Jian
Xom
Yredelemnul
Zin
The Shining One

Annotations:
D:1 ignis


Innate Abilities, Weirdness & Mutations

You can wield a second weapon in your off-hand.
It takes a long time for you to wield or remove held weapons.
Your first few attacks do less damage.
You cannot equip rings or amulets.


Message History

The sling bullet hits the ice beast.
The ice beast is lightly wounded.
You shoot a sling bullet. The sling bullet hits the adder.
The adder is moderately wounded.
The adder barely misses you.
You shoot a sling bullet. The sling bullet hits the adder!
You kill the adder!
You shoot a sling bullet. The sling bullet hits the ice beast.
The ice beast is lightly wounded.
You shoot a sling bullet. The sling bullet hits the ice beast.
The ice beast is lightly wounded.
You shoot a sling bullet.
The sling bullet barely misses the ice beast.
The ice beast closely misses you.
You shoot a sling bullet.
The sling bullet hits the ice beast but does no damage.
The ice beast is lightly wounded.
You shoot a sling bullet. The sling bullet hits the ice beast!
The ice beast is heavily wounded.
The ice beast misses you.
You shoot a sling bullet.
The sling bullet closely misses the ice beast.
You shoot a sling bullet.
The sling bullet closely misses the ice beast.
The ice beast hits you. The ice beast freezes you!
You shoot a sling bullet.
The sling bullet closely misses the ice beast.
You shoot a sling bullet. The sling bullet hits the ice beast.
The ice beast is heavily wounded.
The ice beast hits you. The ice beast freezes you!
* * * LOW HITPOINT WARNING * * *
You shoot a sling bullet. The sling bullet hits the ice beast!
The ice beast is almost dead.
You shoot a sling bullet.
The sling bullet closely misses the ice beast.
The ice beast hits you.
* * * LOW HITPOINT WARNING * * *
The ice beast freezes you!
You die...
Hepliaklqana delivers you to your ancestors.

.###########....#.## .#
.. .............#..#.#
.# #
...###########.##.#
.### ##....#
#.##.###... .####..#
#.# ....# ..# ... ##.#
...?# ...# ##.####..#
....# .....
........####†...#
................@Y....#
..##......###.####....#
.## ..... #.# ....# ..#
.. #.. .?..... ..# #
### ####... .. .


You could see an ice beast.

Vanquished Creatures
  A black bear (D:4)
  A phantom (D:4)
  2 scorpions
  A howler monkey (D:5)
  A hound (D:5)
  A jelly (D:5)
  A bombardier beetle (D:3)
  An orc priest (D:5)
  3 iguanas (D:5)
  An orc wizard (D:5)
  4 gnolls (D:4)
  5 adders
  3 dart slugs
  2 ribbon worms
  An orc (D:5)
  6 ball pythons
  3 bats
  7 endoplasms
  5 giant cockroaches
  A goblin (D:3)
  9 hobgoblins
  7 jackals
  7 kobolds
  3 quokkas
  5 frilled lizards
  2 rats
83 creatures vanquished.

Notes
Turn   | Place    | Note
-------+----------+-------------------------------------------
     0 | D:1      | Kimbo the Coglin Hunter began the quest for the Orb.
     0 | D:1      | Reached XP level 1. HP: 16/16 MP: 1/1
    83 | D:1      | Reached skill level 4 in Ranged Weapons
    83 | D:1      | Reached XP level 2. HP: 22/22 MP: 2/2
   357 | D:1      | Found a faded altar of an unknown god.
   628 | D:1      | Reached XP level 3. HP: 27/27 MP: 3/3
  1572 | D:3      | Noticed a scorpion
  1577 | D:3      | Killed a scorpion
  1578 | D:3      | Reached skill level 5 in Ranged Weapons
  1578 | D:3      | Reached XP level 4. HP: 33/33 MP: 4/4
  1757 | D:3      | Found a basalt altar of Yredelemnul.
  1774 | D:3      | Reached XP level 5. HP: 35/38 MP: 5/5
  1838 | D:3      | Found a glowing golden altar of the Shining One.
  1841 | D:3      | Noticed an angel
  1985 | D:4      | Found a hide-covered altar of Uskayaw.
  2032 | D:4      | Found a glowing silver altar of Zin.
  2042 | D:4      | Found a radiant altar of Vehumet.
  2088 | D:4      | Noticed a phantom
  2096 | D:4      | Killed a phantom
  2097 | D:4      | Reached skill level 6 in Ranged Weapons
  2097 | D:4      | Reached XP level 6. HP: 42/44 MP: 6/6
  2122 | D:4      | Noticed a black bear
  2128 | D:4      | Killed a black bear
  2207 | D:4      | Reached skill level 7 in Ranged Weapons
  2708 | D:5      | Entered Level 5 of the Dungeon
  2896 | D:5      | Reached XP level 7. HP: 50/50 MP: 7/7
  2955 | D:5      | Found a staircase to the Ecumenical Temple.
  2993 | Temple   | Entered the Ecumenical Temple
  3009 | Temple   | Became a worshipper of Hepliaklqana the Forgotten
  3066 | D:5      | Reached skill level 8 in Ranged Weapons
  3274 | D:5      | HP: 2/50 [ice beast (3)]
  3274 | D:5      | Mangled by an ice beast

Illustrated notes

Levels and vault maps discovered:
D:1:      lordsloth_arrival_two_stooges, layout_basic,
          shapermc_ecumenical_altar_acropolis, chequers_garden,
          minmay_liquid_box
D:2:      layout_loops_ring, nicolae_twisty_statue_hallways
D:3:      layout_rooms, grunt_temple_overflow_holy_war
D:4:      layout_loops_ring, eat_drink_and_be_merry_uskayaw,
          mainiacjoe_overflow_big_doors
D:5:      layout_rooms, minmay_temple_entry_statues_pillars
Temple:   dshaligram_water_room_temple

Skill      XL: |  1  2  3  4  5  6  7 |
---------------+----------------------+-----
Ranged Weapons | 4 5 6 7 8 |  8.4
Fighting       | |  2.0
Dodging        | |  1.7
Stealth        | |  0.7

Action                     |  1- 3 |  4- 6 |  7- 9 || total
---------------------------+-------+-------+-------++-------
   Fire: Sling             |   142 |   216 |   130 ||   488
 Armour: Leather armour    |    10 |    15 |    14 ||    39
  Dodge: Dodged            |    13 |    13 |    22 ||    48

Table legend: (Time is in decaauts)
 A = Elapsed time spent in this place.
 B = Non-inter-level travel time spent in this place.
 C = Inter-level travel time spent in this place.
 D = Time resting spent in this place.
 E = Time spent auto-exploring this place.
 F = Levels seen in this place.
 G = Mean time per level.
                   A        B        C        D        E       F      G
               +--------+--------+--------+--------+--------+-----+--------+
         Total |   3307 |   3098 |    209 |      0 |   2670 |   6 |  551.2 |
       Dungeon |   3274 |   3097 |    177 |      0 |   2670 |   5 |  654.8 |
        Temple |     32 |      1 |     31 |      0 |      0 |   1 |   32.0 |
               +--------+--------+--------+--------+--------+-----+--------+

Top non-repeatable levels by time:
     D:1: 972 daAuts
     D:4: 731 daAuts
     D:2: 613 daAuts
     D:5: 536 daAuts
     D:3: 420 daAuts
  Temple: 32 daAuts
